 Dungeon Crawl Stone Soup version 0.26-a0-88-g5ee4766 (webtiles) character file.

Game seed: 954915588631509162

765 thirtiethelement the Shield-Bearer (level 7, -25/60 HPs)
             Began as a Gnoll Fighter on June 21, 2020.
             Was a Follower of Makhleb.
             Blown up by Pikel (32 damage)
             ... with a disintegration bolt
             ... on level 5 of the Dungeon.
             The game lasted 00:07:01 (4596 turns).

thirtiethelement the Shield-Bearer (Gnoll Fighter)  Turns: 4596, Time: 00:07:02

Health: -25/60     AC: 11    Str: 20    XL:     7   Next: 81%
Magic:  11/11      EV: 11    Int: 11    God:    Makhleb [*.....]
Gold:   262        SH:  6    Dex: 14    Spells: 11/11 levels left

rFire    . . .     SeeInvis .   a - +1 war axe
rCold    . . .     Gourm    .   t - +0 buckler
rNeg     + . .     Faith    .   b - +0 scale mail
rPois    .         Spirit   .   (no helmet)
rElec    .         Reflect  .   j - scarf {+Inv}
rCorr    .         Harm     .   (no gloves)
MR       .....                  (no boots)
Stlth    +.........             (no amulet)
HPRegen  0.20/turn              m - +4 ring of protection
MPRegen  0.12/turn              o - ring of positive energy

@: no status effects
A: distributed training, fangs 1, strong nose
a: Renounce Religion, Evoke Invisibility


You were on level 5 of the Dungeon.
You worshipped Makhleb.
Makhleb was aware of your devotion.
You were not hungry.

You visited 1 branch of the dungeon, and saw 5 of its levels.

You collected 262 gold pieces.

Inventory:

Hand Weapons
 a - a +1 war axe (weapon)
Missiles
 l - 7 silver javelins (quivered)
Armour
 b - a +0 scale mail (worn)
 c - a +0 kite shield
 j - a scarf of invisibility (worn)
 t - a +0 buckler (worn)
Jewellery
 m - a +4 ring of protection (left hand)
 o - a ring of positive energy (right hand)
 s - an uncursed ring of fire {unknown}
Wands
 v - a wand of enslavement (8)
Scrolls
 h - 2 scrolls of remove curse
 n - 4 scrolls of identify
Potions
 d - a potion of might
 e - a potion of resistance
 g - a potion of curing
 i - a potion of stabbing {unknown}
 k - 2 potions of heal wounds {unknown}
 p - a potion of degeneration {unknown}
 q - a potion of experience {unknown}
 r - a potion of mutation {unknown}
 u - a potion of lignification {unknown}
Comestibles
 f - 8 rations


   Skills:
 + Level 7.1 Fighting
 + Level 2.6 Short Blades
 + Level 2.6 Long Blades
 + Level 5.3 Axes
 + Level 2.6 Maces & Flails
 + Level 2.6 Polearms
 + Level 2.6 Staves
 + Level 2.6 Slings
 + Level 2.6 Bows
 + Level 2.6 Crossbows
 + Level 2.6 Throwing
 + Level 7.1 Armour
 + Level 2.6 Dodging
 + Level 2.6 Stealth
 + Level 7.1 Shields
 + Level 2.6 Unarmed Combat
 + Level 2.6 Spellcasting
 + Level 2.1 Conjurations
 + Level 2.1 Hexes
 + Level 2.1 Charms
 + Level 2.1 Summonings
 + Level 2.1 Necromancy
 + Level 2.1 Translocations
 + Level 2.1 Transmutations
 + Level 2.1 Fire Magic
 + Level 2.1 Ice Magic
 + Level 2.1 Air Magic
 + Level 2.1 Earth Magic
 + Level 2.1 Poison Magic
 + Level 3.0 Invocations
 + Level 2.6 Evocations


You had 11 spell levels left.
You didn't know any spells.
Your spell library contained the following spells:

 Spells                   Type           Power        Failure   Level  Hunger
 Magic Dart               Conj           #...         28%         1    ##.....
 Pain                     Necr           #...         28%         1    ##.....
 Dazzling Flash           Conj/Hex       #.....       63%         3    ####...
 Vampiric Draining        Necr           #.........   63%         3    ####...
 Irradiate                Conj/Tmut      #.........   100%        5    ######.
 Spellforged Servitor     Conj/Summ      #.........   100%        7    #######


Dungeon Overview and Level Annotations

Branches:
Dungeon (5/15)
 Temple: D:4-7

Altars:
Ashenzari
Cheibriados
Kikubaaqudgha
Makhleb
Qazlal
Trog
The Shining One

Shops:
D:5 (

Annotations:
D:5 Pikel


Innate Abilities, Weirdness & Mutations

Your experience applies equally to all skills.
You have very sharp teeth.
Your uncanny sense of smell can sniff out nearby items.


Message History

The slave hits you but does no damage.
Pikel scowls and wipes his hands on his robe.
You feel better. The slave hits you.
* * * LOW HITPOINT WARNING * * *
You hit the slave but do no damage.
The slave is almost dead.
The slave barely misses you.
You slice the slave!!
You kill the slave!
That felt strangely unrewarding.
You hit Pikel. Your bite misses Pikel.
Pikel is heavily wounded.
Pikel hits you but does no damage.
You completely miss Pikel.
Pikel is heavily wounded.
Pikel zaps a wand.
You are blasted!
* * * LOW HITPOINT WARNING * * *
Pikel zaps a wand.
You are blasted!
Ouch! That really hurt!
You die...

##..#####. #...........
#.####.###.....#
#....).#####_## #.
#.###..###..... ##. #.#
##......... ... #.#
#......## #.# #.# #.###.##
..# #.# ##K###@#
#.####.#.#
#...##K######......#.#
#.#...p.........# #.##
........[.######...####..#
#####.##########.........#
#. ...........#...... #.
.#######..##.###.# # #.
#..##.# #.# # #. #[.##.#
#.#


You could see Pikel and a slave.

Vanquished Creatures
  Eustachio (D:5)
  3 slaves (D:5)
  An ice beast (D:3)
  An ogre (D:5)
  A scorpion (D:5)
  2 hounds (D:5)
  2 orc wizards
  Jessica (D:3)
  3 worker ants (D:5)
  8 adders
  An ooze (D:4)
  5 worms
  4 dart slugs
  3 leopard geckos
  7 orcs
  3 ball pythons
  9 bats
  A giant cockroach (D:2)
  10 goblins
  6 hobgoblins
  7 jackals (D:3)
  3 quokkas
  3 frilled lizards
  5 kobolds
  A leopard gecko skeleton (D:4)
  A quokka skeleton (D:4)
  8 rats
100 creatures vanquished.

Notes
Turn   | Place    | Note
-------+----------+-------------------------------------------
     0 | D:1      | thirtiethelement the Gnoll Fighter began the quest for the
                  | Orb.
     0 | D:1      | Reached XP level 1. HP: 23/23 MP: 1/1
   132 | D:1      | Reached XP level 2. HP: 29/29 MP: 2/2
   957 | D:2      | Reached XP level 3. HP: 35/35 MP: 3/3
  1116 | D:2      | Reached skill level 1 in Invocations
  1192 | D:2      | Reached skill level 1 in Short Blades
  1192 | D:2      | Reached skill level 1 in Long Blades
  1192 | D:2      | Reached skill level 1 in Maces & Flails
  1192 | D:2      | Reached skill level 1 in Polearms
  1192 | D:2      | Reached skill level 1 in Staves
  1192 | D:2      | Reached skill level 1 in Slings
  1192 | D:2      | Reached skill level 1 in Bows
  1192 | D:2      | Reached skill level 1 in Crossbows
  1192 | D:2      | Reached skill level 1 in Throwing
  1192 | D:2      | Reached skill level 1 in Dodging
  1192 | D:2      | Reached skill level 1 in Stealth
  1192 | D:2      | Reached skill level 1 in Unarmed Combat
  1192 | D:2      | Reached skill level 1 in Spellcasting
  1192 | D:2      | Reached skill level 1 in Evocations
  1226 | D:2      | Reached XP level 4. HP: 41/41 MP: 5/5
  1385 | D:2      | Found a burning altar of Makhleb.
  1385 | D:2      | Found an ancient bone altar of Kikubaaqudgha.
  1404 | D:2      | Became a worshipper of Makhleb the Destroyer
  1722 | D:3      | Noticed Jessica
  1726 | D:3      | Killed Jessica
  1726 | D:3      | Reached skill level 1 in Conjurations
  1726 | D:3      | Reached skill level 1 in Hexes
  1726 | D:3      | Reached skill level 1 in Charms
  1726 | D:3      | Reached skill level 1 in Summonings
  1726 | D:3      | Reached skill level 1 in Necromancy
  1726 | D:3      | Reached skill level 1 in Translocations
  1726 | D:3      | Reached skill level 1 in Transmutations
  1726 | D:3      | Reached skill level 1 in Fire Magic
  1726 | D:3      | Reached skill level 1 in Ice Magic
  1726 | D:3      | Reached skill level 1 in Air Magic
  1726 | D:3      | Reached skill level 1 in Earth Magic
  1726 | D:3      | Reached skill level 1 in Poison Magic
  1726 | D:3      | Noticed an ice beast
  1742 | D:3      | Killed an ice beast
  1742 | D:3      | Reached XP level 5. HP: 35/47 MP: 5/7
  2046 | D:3      | Reached XP level 6. HP: 50/53 MP: 8/8
  2406 | D:3      | Reached * piety under Makhleb
  2766 | D:3      | Found a snail-covered altar of Cheibriados.
  3011 | D:4      | Identified the Compendium of Unholy Confrontation
  3333 | D:4      | Found a bloodstained altar of Trog.
  3389 | D:4      | Found a stormy altar of Qazlal.
  3415 | D:4      | Reached skill level 5 in Axes
  3621 | D:5      | Entered Level 5 of the Dungeon
  3889 | D:5      | Reached XP level 7. HP: 54/59 MP: 10/10
  4008 | D:5      | Found Jolan's Weapon Shop.
  4024 | D:5      | Noticed Eustachio
  4076 | D:5      | Killed Eustachio
  4256 | D:5      | Found a glowing golden altar of the Shining One.
  4549 | D:5      | Found a shattered altar of Ashenzari.
  4559 | D:5      | Noticed Pikel
  4596 | D:5      | Blown up by Pikel

Illustrated notes

Levels and vault maps discovered:
D:1:      lightli_arrival_flooded_house, layout_basic
D:2:      cheibrodos_old_hovel, layout_loops_ring,
          gammafunk_temple_overflow_pools, minmay_door_square
D:3:      layout_loops_corners, cheibriados_altar_1, first_ration,
          lightli_corner_chamber, uniq_jessica
D:4:      layout_basic, grunt_qazlal_clouds, bloody_trog
D:5:      layout_loops_ring, tso_altar, cheibrodos_ashenzari_chains,
          serial_shops, shop_statue, uniq_pikel, uniq_eustachio

Skill      XL: |  1  2  3  4  5  6  7 |
---------------+----------------------+-----
Invocations    | 1 2 3 |  3.0
Short Blades   | 1 2 |  2.6
Long Blades    | 1 2 |  2.6
Maces & Flails | 1 2 |  2.6
Polearms       | 1 2 |  2.6
Staves         | 1 2 |  2.6
Slings         | 1 2 |  2.6
Bows           | 1 2 |  2.6
Crossbows      | 1 2 |  2.6
Throwing       | 1 2 |  2.6
Dodging        | 1 2 |  2.6
Stealth        | 1 2 |  2.6
Unarmed Combat | 1 2 |  2.6
Spellcasting   | 1 2 |  2.6
Evocations     | 1 2 |  2.6
Conjurations   | 1 2 |  2.1
Hexes          | 1 2 |  2.1
Charms         | 1 2 |  2.1
Summonings     | 1 2 |  2.1
Necromancy     | 1 2 |  2.1
Translocations | 1 2 |  2.1
Transmutations | 1 2 |  2.1
Fire Magic     | 1 2 |  2.1
Ice Magic      | 1 2 |  2.1
Air Magic      | 1 2 |  2.1
Earth Magic    | 1 2 |  2.1
Poison Magic   | 1 2 |  2.1
Axes           | 5 |  5.3
Fighting       | 7 |  7.1
Armour         | 7 |  7.1
Shields        | 7 |  7.1

Action                   |  1- 3 |  4- 6 |  7- 9 || total
-------------------------+-------+-------+-------++-------
Melee: War axe           |    84 |   194 |    96 ||   374
       Bite              |    15 |    19 |    13 ||    47
Throw: Javelin           |       |       |     1 ||     1
  Use: Scroll            |     4 |     1 |     1 ||     6
       Potion            |       |       |     1 ||     1
  Eat: Chunk             |     1 |     7 |     1 ||     9
       Ration            |       |       |     1 ||     1
Armor: Scale mail        |    36 |    68 |    46 ||   150
Dodge: Dodged            |    29 |    60 |    59 ||   148
Block: Kite shield       |    43 |   101 |       ||   144
       Buckler           |       |       |    27 ||    27

Table legend:
 A = Non-vault XP
 B = Vault XP
 C = Vault XP percentage of total XP
 D = Non-vault monster count
 E = Vault monster count
 F = Vault count percentage of total count
                 A         B        C        D         E       F
            +---------+---------+-------+---------+---------+-------
      Total |     841 |     253 |  23.1 |      94 |       3 |   3.1
            +---------+---------+-------+---------+---------+-------
        D:1 |      28 |       0 |   0.0 |      16 |       0 |   0.0
        D:2 |      82 |       2 |   2.4 |      21 |       1 |   4.5
        D:3 |     238 |      37 |  13.5 |      32 |       1 |   3.0
        D:4 |      63 |       0 |   0.0 |       9 |       0 |   0.0
        D:5 |     430 |     214 |  33.2 |      16 |       1 |   5.9
            +---------+---------+-------+---------+---------+-------
